 Dungeon Crawl Stone Soup version 0.17-a0-981-gf8a484a (webtiles) character file.

1357 Jine the Shield-Bearer (level 8, -1/54 HPs)
             Began as a Demonspawn Fighter on May 11, 2015.
             Was an Initiate of Makhleb.
             Killed by divine providence
             ... invoked by an orc priest
              (12 damage)
             ... on level 6 of the Dungeon.
             The game lasted 00:37:21 (5951 turns).

Jine the Shield-Bearer (Demonspawn Fighter)         Turns: 5951, Time: 00:37:21

Health: -1/54      AC: 14    Str: 21    XL:     8   Next: 37%
Magic:  8/8        EV:  9    Int: 10    God:    Makhleb [......]
Gold:   375        SH: 10    Dex: 12    Spells: 0 memorised, 7 levels left

rFire  . . .     SeeInvis .     y - +2 whip (flame)
rCold  + . .     Clarity  .     b - +0 scale mail
rNeg   . . .     SustAb   +     c - +0 shield
rPois  .         Gourm    .     (helmet restricted)
rElec  +         Spirit   .     (no cloak)
rCorr  .         Warding  .     (no gloves)
rMut   .         Rnd*Tele +     (no boots)
MR     .....                    (no amulet)
Stlth  ..........               w - ring of sustain abilities
                                x - +4 ring of slaying

@: not resistant to hostile enchantments, extremely unstealthy
A: antennae 1, hooves 1, iridescent scales 2, cold resistance 1, frail 1,
powered by death 1, shaggy fur 1, electricity resistance, strong 1, teleportitis
1
a: Renounce Religion


You were on level 6 of the Dungeon.
You worshipped Makhleb.
Makhleb was noncommittal.
You were not hungry.

You visited 2 branches of the dungeon, and saw 7 of its levels.

You collected 375 gold pieces.

Inventory:

Hand weapons
 a - a +0 flail
 d - a cursed -1 scythe
 y - a +2 whip of flaming (weapon)
 A - the +4 hunting sling of Moanupp {speed, Dex+4, unknown}
   (You found it on level 4 of the Dungeon)

   Attacks with this weapon are significantly faster.
   It affects your dexterity (+4).
 B - a +0 flail
Armour
 b - a +0 scale mail (worn)
 c - a +0 shield (worn)
 l - a +0 chain mail
 o - a +0 ring mail
Jewellery
 w - a ring of sustain abilities (right hand)
 x - a +4 ring of slaying (left hand)
 z - an uncursed ring of see invisible {unknown}
Scrolls
 f - 2 scrolls of fear {unknown}
 j - 2 scrolls of teleportation {unknown}
 m - 2 scrolls of recharging {unknown}
 p - 2 scrolls of enchant armour {unknown}
 q - a scroll of remove curse {unknown}
 r - a scroll of random uselessness {unknown}
 s - a scroll of magic mapping
 u - 2 scrolls of immolation {unknown}
 C - a scroll of enchant weapon {unknown}
Potions
 g - a potion of cure mutation {unknown}
 h - a potion of cancellation {unknown}
 i - a potion of magic {unknown}
Books
 t - a book of the Earth

   Spells                             Type                      Level
   a - Leda's Liquefaction            Hexes/Earth                  4
   b - Bolt of Magma                  Conjuration/Fire/Earth       5
   c - Statue Form                    Transmutation/Earth          6
   d - Iron Shot                      Conjuration/Earth            6
   e - Shatter                        Earth                        9
Comestibles
 k - 2 fruits
 n - 3 slices of pizza
 v - 2 beef jerkies


   Skills:
 + Level 4.6 Fighting
 + Level 5.0 Maces & Flails
 + Level 4.8 Armour
 + Level 3.8 Dodging
 + Level 0.6 Stealth
 + Level 5.3 Shields


You had 7 spell levels left.
You didn't know any spells.

Dungeon Overview and Level Annotations

Branches:
Dungeon (6/15)             Temple (1/1) D:4

Altars:
Ashenzari
Cheibriados
Dithmenos
Elyvilon
Fedhas
Makhleb
Nemelex Xobeh
Ru
Sif Muna
Trog
Vehumet
Xom
Yredelemnul
Zin


Innate Abilities, Weirdness & Mutations

You have large cloven feet.
You are mostly covered in iridescent scales (AC +6).
Your flesh is cold resistant.
You can steal the life force of nearby defeated enemies.
You have a pair of small antennae on your head.
You are frail (-10% HP).
You are covered in fur (AC +1).
You are resistant to electric shocks.
Your muscles are strong. (Str +2)
You are occasionally teleported to nearby monsters.


Message History

You kill the worker ant!
Makhleb accepts your kill.
The orc priest calls down the wrath of Beogh upon you.
Pain shoots through your body!
The orc priest invokes the aid of Beogh against you.
Pain shoots through your body! You block the orc priest's attack.
Things that are here:
a falchion; a dagger; a robe You hit the orc priest.
You burn the orc priest. You kick the orc priest.
The orc priest is moderately wounded.
The orc priest mumbles some strange prayers to Beogh against you.
Something smites you!
* * * LOW HITPOINT WARNING * * *
You hit the orc priest. You burn the orc priest.
You kick the orc priest, but do no damage.
The orc priest is severely wounded.
The orc priest calls down the wrath of Beogh upon you.
Something smites you!
You die...

####
#...#####.#.#
#.o@..(..#
#...#####..$#
#.... ##
#.### .. ##


You could see an orc priest.

Vanquished Creatures
  Pikel (D:5)
  An ice beast (D:5)
  4 slaves (D:5)
  A sky beast (D:5)
  An ogre (D:5)
  A centaur (D:4)
  3 crimson imps
  A hound (D:5)
  A giant frog zombie (D:5)
  An orc wizard (D:6)
  A giant frog skeleton (D:4)
  A jelly (D:5)
  3 worker ants
  3 gnolls (D:5)
  8 adders
  2 shadow imps
  An adder skeleton (D:5)
  4 worms
  A giant gecko (D:2)
  12 orcs
  13 bats
  A bat skeleton (D:4)
  A bat zombie (D:5)
  6 giant cockroaches
  8 hobgoblins
  6 jackals
  5 kobolds
  4 quokkas
  7 giant newts
  7 goblins
  10 rats
119 creatures vanquished.

Notes
Turn   | Place    | Note
--------------------------------------------------------------
     0 | D:1      | Jine, the Demonspawn Fighter, began the quest for the Orb.
     0 | D:1      | Reached XP level 1. HP: 18/18 MP: 1/1
   161 | D:1      | Gained mutation: You are partially covered in iridescent scales (AC +4). [demonic ancestry]
   161 | D:1      | Reached XP level 2. HP: 24/24 MP: 2/2
   955 | D:2      | Gained mutation: You have large cloven feet. [demonic ancestry]
   955 | D:2      | Reached XP level 3. HP: 25/29 MP: 3/3
  1144 | D:2      | Reached skill level 1 in Dodging
  1523 | D:2      | Gained mutation: You are mostly covered in iridescent scales (AC +6). [demonic ancestry]
  1523 | D:2      | Reached XP level 4. HP: 35/35 MP: 4/4
  3002 | D:3      | Gained mutation: Your flesh is cold resistant. [demonic ancestry]
  3002 | D:3      | Reached XP level 5. HP: 32/41 MP: 5/5
  3129 | D:4      | Got a bloodstained hunting sling
  3207 | D:4      | You fall through a shaft!
  3207 | D:5      | Entered Level 5 of the Dungeon
  3240 | D:5      | Noticed a slave
  3240 | D:5      | Noticed a slave
  3241 | D:5      | Noticed Pikel
  3255 | D:5      | Killed a slave
  3266 | D:5      | Gained mutation: You are covered in fur (AC +1). [potion of beneficial mutation]
  3268 | D:5      | Gained mutation: You have a pair of small antennae on your head. [potion of mutation]
  3268 | D:5      | Gained mutation: You are resistant to electric shocks. [potion of mutation]
  3268 | D:5      | Gained mutation: You are occasionally teleported to nearby monsters. [potion of mutation]
  3269 | D:5      | Gained mutation: Your muscles are strong. (Str +2) [potion of mutation]
  3269 | D:5      | Gained mutation: You are frail (-10% HP). [potion of mutation]
  3450 | D:5      | Reached XP level 6. HP: 31/42 MP: 6/6
  3485 | D:5      | Noticed an ice beast
  3491 | D:5      | Killed an ice beast
  3491 | D:5      | Reached skill level 4 in Armour
  3600 | D:5      | Noticed an ogre
  3613 | D:5      | Killed an ogre
  3814 | D:5      | Reached XP level 7. HP: 45/47 MP: 7/7
  4051 | D:5      | Noticed a slave
  4052 | D:5      | Noticed a slave
  4061 | D:5      | Killed a slave
  4068 | D:5      | Killed a slave
  4075 | D:5      | Killed a slave
  4506 | D:5      | Noticed a sky beast
  4524 | D:5      | Killed a sky beast
  4570 | D:5      | Paralysed by Pikel for 3 turns
  4575 | D:5      | Paralysed by Pikel for 3 turns
  4585 | D:5      | Paralysed by Pikel for 5 turns
  4600 | D:5      | Killed Pikel
  4600 | D:5      | Reached skill level 5 in Shields
  4600 | D:5      | Gained mutation: You can steal the life force of nearby defeated enemies. [demonic ancestry]
  4600 | D:5      | Reached XP level 8. HP: 33/54 MP: 8/8
  5209 | D:4      | Found a shattered altar of Ashenzari.
  5251 | D:4      | Found a staircase to the Ecumenical Temple.
  5257 | Temple   | Entered the Ecumenical Temple
  5461 | Temple   | Became a worshipper of Makhleb the Destroyer
  5685 | D:4      | Noticed a centaur
  5702 | D:4      | Killed a centaur
  5702 | D:4      | Reached skill level 5 in Maces & Flails
  5951 | D:6      | Killed from afar by an orc priest

Vault maps used:
D:1:      minmay_arrival_shoal_huts, minivault_27
D:2:      nicolae_overflow_hidden_temple
D:3:      minmay_door_path, first_bread
D:4:      nicolae_ashenzari_panopticon, minmay_temple_entry_fiery,
          minmay_misc_feat_tower, bloody_trog
D:5:      hangedman_abyss_or_decor_slice, uniq_pikel
D:6:      lemuel_doored_altar, kennysheep_mini_moat, fedhas_altar_decomposition,
          uniq_blork_the_orc, uniq_crazy_yiuf_cottage, uniq_grinder
Temple:   nicolae_temple_god_jail

Action                   |  1- 3 |  4- 6 |  7- 9 || total
-------------------------+-------+-------+-------++-------
Melee: Flail             |   104 |   197 |    73 ||   374
       Whip              |       |       |    66 ||    66
  Use: Potion            |       |     8 |       ||     8
       Scroll            |       |     3 |       ||     3
  Eat: Bread ration      |     1 |     1 |     2 ||     4
